 Dungeon Crawl Stone Soup version 0.18.1-48-g4cf74bf (webtiles) character file.

2552 sdOOK the Shield-Bearer (level 9, -17/81 HPs)
             Began as a Deep Dwarf Fighter on Aug 30, 2016.
             Was an Initiate of Gozag.
             Killed from afar by Joseph (24 damage)
             ... with a wand of lightning
             ... on level 7 of the Dungeon.
             The game lasted 00:42:21 (4908 turns).

sdOOK the Shield-Bearer (Deep Dwarf Fighter)        Turns: 4908, Time: 00:42:22

Health: -17/81     AC: 11    Str: 22    XL:     9   Next: 31%
Magic:  8/8        EV: 10    Int: 10    God:    Gozag
Gold:   754        SH:  6    Dex: 12    Spells: 0 memorised, 8 levels left

rFire  + . .     SeeInvis .     a - +0 war axe
rCold  . . .     Gourm    .     w - +0 chain mail
rNeg   . . .     Faith    .     d - +0 buckler
rPois  .         Spirit   .     v - +0 hat
rElec  .         Dismiss  .     (no cloak)
rCorr  .         Reflect  .     j - +0 pair of gloves
SustAt .         Harm     .     (no boots)
MR     ++...                    (no amulet)
Stlth  ..........               (no ring)
                                n - ring of protection from fire

@: about to teleport, non-regenerating, very resistant to hostile enchantments,
extremely unstealthy
A: damage resistance, recharge devices, low mp 1, magic resistance 1, sense
surroundings 2, slow regeneration 3
a: Device Recharging, Potion Petition, Call Merchant, Bribe Branch, Renounce
Religion


You were on level 7 of the Dungeon.
You worshipped Gozag.
Gozag was noncommittal.
You were not hungry.

You visited 2 branches of the dungeon, and saw 8 of its levels.

You collected 815 gold pieces.
You paid 61 gold pieces to Gozag.

Inventory:

Hand Weapons
 a - a +0 war axe (weapon)
 q - a cursed -2 hunting sling
 u - a cursed -1 dagger
 x - a cursed -1 dagger
 y - a +0 mace
Missiles
 A - a throwing net (quivered)
Armour
 c - a +0 shield
 d - a +0 buckler (worn)
 j - a +0 pair of gloves (worn)
 v - a +0 hat (worn)
 w - a +0 chain mail (worn)
Jewellery
 n - a ring of protection from fire (left hand)
Wands
 e - a wand of heal wounds (1/9)
 h - a wand of polymorph (7/24)
 s - a wand of polymorph (10/24)
 z - a wand of paralysis (2/24)
Scrolls
 i - 4 scrolls of teleportation
 m - 2 scrolls of amnesia
 r - 5 scrolls of remove curse
 t - a scroll of immolation
 B - a scroll of blinking
Potions
 b - a potion of lignification
 g - 2 potions of mutation
 o - a potion of curing
Comestibles
 f - 9 bread rations
 l - 3 meat rations


   Skills:
 + Level 5.5 Fighting
 + Level 6.7 Axes
 + Level 6.8 Armour
 + Level 4.9 Dodging
 + Level 2.5 Stealth
 + Level 7.6 Shields
 + Level 1.8 Evocations


You had 8 spell levels left.
You didn't know any spells.

Dungeon Overview and Level Annotations

Branches:
Dungeon (7/15)             Temple (1/1) D:4

Altars:
Ashenzari
Cheibriados
Dithmenos
Elyvilon
Fedhas
Gozag
Kikubaaqudgha
Makhleb
Nemelex Xobeh
Okawaru
Pakellas
Qazlal
Ru
Sif Muna
Trog
Vehumet
Xom
Yredelemnul
Zin
The Shining One

Annotations:
D:7 Joseph


Innate Abilities, Weirdness & Mutations

You are resistant to damage.
You can recharge devices by infusing magical energy.
You passively map the area around you.
You do not regenerate naturally.
Your magical capacity is low (-10% MP).
You are resistant to hostile enchantments.


Message History

Press: ? - help, Shift-Dir - straight line, f - you You feel much better.
This wand has 1 charge left.
Joseph unwields an uncursed quarterstaff.
Joseph wields an uncursed hunting sling.
Joseph shoots a sling bullet.
The sling bullet hits you!
* * * LOW HITPOINT WARNING * * *
The centaur shoots an arrow.
The arrow hits you.
* * * LOW HITPOINT WARNING * * *
Drink which item? (? for menu, Esc to quit)
Okay, then.
Read which item? (? for menu, Esc to quit)
As you read the scroll of teleportation, it crumbles to dust.
You feel strangely unstable.
The centaur shoots an arrow.
The arrow barely misses you.
Joseph shoots a sling bullet.
You block the sling bullet.
The centaur shoots an arrow.
The arrow hits you!
* * * LOW HITPOINT WARNING * * *
Joseph zaps a wand.
The bolt of lightning hits you!
You die...
Your body crumbles into a pile of gold.

..).##....# ##........# * ,,,
.#####....# #.........#* ,,
.##.......###....(....# .. , ,
.##.##.<.>##..#.......#.... , *
.##.##.......##...c(....... , **
.............#.(((@.....### * **
..#.##...>#..#.##(####..# ,,
........###.....#.#........ .. *
....###......#..@.#.....c..##.#
.##..######..#.##.#.....###...# #
..#..>.# ##..................##.
#...##.# ##...##................
....##.####..#...................
...###......##...................
...# #...............##..........
...###............#...#..........
............(.....#.............#


You could see Joseph and a centaur.

Vanquished Creatures
  Prince Ribbit (D:6)
  Grinder (D:4)
  Sigmund (D:2)
  Eustachio (D:5)
  Menkaure (D:7)
  An orc warrior (D:7)
  3 sky beasts
  2 ice beasts
  A necrophage (D:7)
  A water moccasin zombie (D:6)
  A scorpion (D:3)
  An oklob sapling (D:4)
  A giant frog zombie (D:6)
  3 hounds
  4 orc priests
  9 orc wizards
  A giant frog skeleton (D:7)
  A jelly (D:5)
  2 iguanas
  Jessica (D:2)
  5 worker ants
  3 gnolls (D:3)
  4 adders
  A shadow imp (D:6)
  An adder skeleton (D:4)
  An adder zombie (D:5)
  5 worms
  2 dart slugs
  5 giant geckos
  31 orcs
  9 giant cockroaches
  6 goblins
  8 hobgoblins
  8 jackals
  11 kobolds
  4 quokkas
  9 bats
  4 giant newts
  2 jackal skeletons (D:4)
  A quokka skeleton (D:6)
  7 rats
  A plant (D:4)
165 creatures vanquished.

Vanquished Creatures (others)
  An orc wizard (D:6)
1 creature vanquished.

Grand Total: 166 creatures vanquished

Notes
Turn   | Place    | Note
--------------------------------------------------------------
     0 | D:1      | sdOOK the Deep Dwarf Fighter began the quest for the Orb.
     0 | D:1      | Reached XP level 1. HP: 20/20 MP: 1/1
   111 | D:1      | Reached XP level 2. HP: 27/27 MP: 2/2
   651 | D:2      | Reached XP level 3. HP: 29/34 MP: 3/3
   715 | D:2      | Reached skill level 1 in Dodging
   761 | D:2      | Gained mutation: You are resistant to hostile enchantments. [potion of mutation]
   761 | D:2      | Gained mutation: Your magical capacity is low (-10% MP). [potion of mutation]
   966 | D:2      | Noticed Sigmund
   987 | D:2      | Killed Sigmund
   987 | D:2      | Reached skill level 4 in Shields
   987 | D:2      | Reached XP level 4. HP: 40/42 MP: 3/3
   987 | D:2      | Reached XP level 5. HP: 47/49 MP: 4/4
  1123 | D:2      | Noticed Jessica
  1132 | D:2      | Killed Jessica
  1278 | D:3      | Reached XP level 6. HP: 48/56 MP: 5/5
  1380 | D:3      | Reached skill level 5 in Shields
  1820 | D:3      | Found a burning altar of Makhleb.
  1834 | D:3      | Reached skill level 5 in Armour
  1834 | D:3      | Reached XP level 7. HP: 52/63 MP: 6/6
  1933 | D:4      | Noticed Grinder
  1949 | D:4      | Paralysed by Grinder for 7 turns
  1982 | D:4      | Found a staircase to the Ecumenical Temple.
  1989 | D:4      | Killed Grinder
  1989 | D:4      | Reached skill level 6 in Shields
  2057 | Temple   | Entered the Ecumenical Temple
  2136 | Temple   | Became a worshipper of Gozag Ym Sagoz the Greedy
  2595 | D:4      | Found a sparkling altar of Nemelex Xobeh.
  2654 | D:4      | Found a white marble altar of Elyvilon.
  2663 | D:4      | Found a shattered altar of Ashenzari.
  2714 | D:5      | Entered Level 5 of the Dungeon
  2947 | D:5      | Noticed Eustachio
  2989 | D:5      | Killed Eustachio
  2989 | D:5      | Reached skill level 5 in Axes
  2989 | D:5      | Reached XP level 8. HP: 53/73 MP: 7/7
  3783 | D:6      | Reached skill level 1 in Evocations
  3820 | D:6      | Reached skill level 7 in Shields
  4083 | D:6      | Noticed Prince Ribbit
  4135 | D:6      | Killed Prince Ribbit
  4135 | D:6      | Reached skill level 5 in Fighting
  4526 | D:7      | Reached skill level 1 in Stealth
  4618 | D:7      | Gained mutation: You passively map the area around you. [Deep Dwarf growth]
  4618 | D:7      | Reached XP level 9. HP: 44/81 MP: 9/9
  4796 | D:7      | Noticed Menkaure
  4811 | D:7      | Killed Menkaure
  4881 | D:7      | Noticed Joseph
  4908 | D:7      | Killed from afar by Joseph

Skill      XL: |  1  2  3  4  5  6  7  8  9 |
---------------+----------------------------+-----
Fighting       | 3 4 5 |  5.5
Dodging        | 2 4 |  4.9
Armour         | 4 5 6 |  6.8
Shields        | 4 5 6 7 |  7.6
Axes           | 3 5 6 |  6.7
Evocations     | 1 |  1.8
Stealth        | 1 2 |  2.5

Action                   |  1- 3 |  4- 6 |  7- 9 || total
-------------------------+-------+-------+-------++-------
Melee: War axe           |   119 |   182 |   487 ||   788
Invok: Potion Petition   |       |       |     1 ||     1
 Abil: Device Recharging |       |       |     1 ||     1
Evoke: Wand              |     3 |     1 |    19 ||    23
  Use: Scroll            |     7 |     1 |     7 ||    15
       Potion            |     4 |     2 |    11 ||    17
 Stab: Paralysed         |       |       |     5 ||     5
       Distracted        |       |       |     2 ||     2
  Eat: Chunk             |       |     4 |     1 ||     5
       Fruit             |       |       |     4 ||     4
       Beef jerky        |       |       |     1 ||     1
       Meat ration       |       |       |     1 ||     1
       Pizza             |       |       |     1 ||     1
Armor: Scale mail        |    52 |    55 |       ||   107
       Chain mail        |       |    31 |   217 ||   248
       Skin              |       |       |    16 ||    16
Dodge: Dodged            |    48 |    68 |   149 ||   265
Block: Shield            |    69 |   123 |    66 ||   258
       Buckler           |       |       |    76 ||    76
